 Dungeon Crawl Stone Soup version 0.21-a0-94-gdd6ab6a (webtiles) character file.

2818 Spazmo the Thaumaturge (level 9, -11/52 HPs)
             Began as a Deep Elf Conjurer on June 30, 2017.
             Was a Follower of Vehumet.
             Mangled by a death yak (28 damage)
             ... on level 8 of the Dungeon on July 1, 2017.
             The game lasted 00:26:31 (8011 turns).

Spazmo the Thaumaturge (Deep Elf Conjurer)          Turns: 8011, Time: 00:26:32

Health: -11/52     AC:  3    Str:  7    XL:     9   Next: 44%
Magic:  10/25      EV: 17    Int: 24    God:    Vehumet [*.....]
Gold:   358        SH:  0    Dex: 19    Spells: 14/28 levels left

rFire    . . .     SeeInvis .   y - +8 spear "Moarchus" {speed, +Blink rN++ Dex+2}
rCold    . . .     Gourm    .   (no shield)
rNeg     + + .     Faith    .   a - +1 robe
rPois    .         Spirit   .   (no helmet)
rElec    .         Reflect  .   (no cloak)
rCorr    .         Harm     .   (no gloves)
MR       .....                  (no boots)
Stlth    ++........             (no amulet)
HPRegen  0.17/turn              r - +2 ring of strength
MPRegen  0.19/turn              (no ring)

@: drained
A: claws 1, agile 1, MP-powered wands
a: Renounce Religion, Evoke Blink


You were on level 8 of the Dungeon.
You worshipped Vehumet.
Vehumet was aware of your devotion.
You were not hungry.

You visited 2 branches of the dungeon, and saw 9 of its levels.

You collected 358 gold pieces.

Inventory:

Hand Weapons
 v - the +3 flail of Tension {crush, MR+ Dex+6}
   (You found it on level 5 of the Dungeon)

   It inflicts extra damage upon your enemies.
   It affects your dexterity (+6).
   It affects your resistance to hostile enchantments.
 y - the +8 spear "Moarchus" (weapon) {speed, +Blink rN++ Dex+2}
   (You found it on level 8 of the Dungeon)

   Attacks with this weapon are significantly faster.
   It affects your dexterity (+2).
   It greatly protects you from negative energy.
   It lets you blink.
Missiles
 l - 170 stones (quivered)
Armour
 a - a +1 robe (worn)
Jewellery
 r - a +2 ring of strength (left claw)
Wands
 o - a wand of paralysis (17/24)
 u - a wand of flame (29/48)
Scrolls
 e - 5 scrolls of teleportation
 i - a scroll of amnesia {unknown}
 k - 4 scrolls of identify
 m - 3 scrolls of fog
 s - a scroll of remove curse
Potions
 f - 2 potions of curing
 g - a potion of might
 h - a potion of haste
 j - a potion of invisibility {unknown}
 n - 2 potions of heal wounds
 q - a potion of flight
 t - a potion of cancellation {unknown}
Books
 b - a book of Conjurations

   Spells                             Type                      Level
   a - Magic Dart                     Conjuration                  1
   b - Searing Ray                    Conjuration                  2
   c - Dazzling Spray                 Conjuration/Hexes            3
   d - Fulminant Prism                Conjuration/Hexes            4
   e - Force Lance                    Conjuration/Translocation    4
   f - Iskenderun's Mystic Blast      Conjuration                  4
 p - a book of Minor Magic

   Spells                             Type                      Level
   a - Magic Dart                     Conjuration                  1
   b - Blink                          Translocation                2
   c - Call Imp                       Summoning                    2
   d - Slow                           Hexes                        2
   e - Conjure Flame                  Conjuration/Fire             3
   f - Mephitic Cloud                 Conjuration/Poison/Air       3
Comestibles
 c - 3 bread rations
 d - 6 meat rations
 w - 2 royal jellies
 x - a chunk of flesh


   Skills:
 + Level 4.4(4.3) Fighting
 + Level 6.4(6.3) Dodging
 - Level 2.4(2.3) Stealth
 * Level 10.1 Spellcasting
 * Level 9.5(9.4) Conjurations


You had 14 spell levels left.
You knew the following spells:

 Your Spells              Type           Power        Failure   Level  Hunger
a - Magic Dart            Conj           ####         1%          1    None
b - Searing Ray           Conj           ######       1%          2    None
c - Force Lance           Conj/Tloc      ####....     8%          4    #......
d - Iskenderun's Mystic   Conj           ######..     1%          4    #......
e - Blink                 Tloc           N/A          8%          2    None
f - Flame Tongue          Conj/Fire      ####.        1%          1    None


Dungeon Overview and Level Annotations

Branches:
Dungeon (8/15)             Temple (1/1) D:6
   Lair: D:8-11

Altars:
Ashenzari
Cheibriados
Dithmenos
Elyvilon
Fedhas
Gozag
Hepliaklqana
Kikubaaqudgha
Makhleb
Nemelex Xobeh
Okawaru
Qazlal
Ru
Sif Muna
Trog
Uskayaw
Vehumet
Wu Jian
Xom
Yredelemnul
Zin
The Shining One
Jiyva

Annotations:
D:3 Raine357's ghost, amateur DEWz
D:4 Raine357's ghost, amateur HuSk


Innate Abilities, Weirdness & Mutations

You have sharp fingernails.
You are agile. (Dex +2)
You expend magic power (3 MP) to strengthen your wands.


Message History

The death yak is moderately wounded.
The death yak gores you.
Casting: Force Lance
Confirm with . or Enter, or press ? or * to list all spells.
Aiming: Force Lance
Press: ? - help, Shift-Dir - straight line, f/p - death yak
Aim: a death yak (moderately wounded)
The lance of force hits the death yak.
The death yak is moderately wounded.
The death yak gores you!!
Ouch! That really hurt!
Casting: Force Lance
Confirm with . or Enter, or press ? or * to list all spells.
Aiming: Force Lance
Press: ? - help, Shift-Dir - straight line, f/p - death yak
Aim: a death yak (moderately wounded)
The lance of force misses the death yak.
The death yak gores you!!
Ouch! That really hurt!
You die...

#..#.# #####.....###..#
#..#.# #..........##..##
#..#.# #.###......##...#
#..#.# #.# ######.###..#
#..#.# #.# #.# #..#
...####..#.# #.# #.# ##.#
...r..Y..#.# #.# #.# #>#
...#####.#.###.########.#
#.# #.......Y@.......#
#.# #................#
#.# #................#
#.# #................#
#.# #................#
#.# ##..............##
#.# #..............# #.#
#..............# #.#
#..............# #.####


You could see a death yak.

Vanquished Creatures
  Sigmund (D:6)
  The ghost of Guenter the Chopper, an amateur DsGl of Fedhas (D:6)
  An ice beast (D:5)
  2 orc warriors (D:6)
  3 ogres (D:5)
  Blork the orc (D:5)
  5 bullfrogs
  A water moccasin skeleton (D:7)
  2 scorpions
  6 wights
  4 killer bees (D:8)
  A howler monkey (D:5)
  3 hounds (D:6)
  3 orc wizards
  2 bullfrog skeletons (D:6)
  3 orc priests (D:6)
  3 iguanas
  A hell rat (D:8)
  8 worker ants
  A hound skeleton (D:6)
  A howler monkey zombie (D:5)
  2 howler monkey skeletons
  7 gnolls (D:5)
  12 adders
  5 shadow imps
  2 oozes
  2 adder zombies (D:5)
  2 adder skeletons
  2 worms
  3 dart slugs
  3 leopard geckos
  15 orcs
  A ball python (D:3)
  7 bats
  2 giant cockroaches
  6 goblins
  8 hobgoblins
  6 jackals
  3 quokkas
  8 frilled lizards
  A jackal skeleton (D:4)
  9 kobolds
  A quokka zombie (D:5)
  8 rats
168 creatures vanquished.

Notes
Turn   | Place    | Note
-------+----------+-------------------------------------------
     0 | D:1      | Spazmo the Deep Elf Conjurer began the quest for the Orb.
     0 | D:1      | Reached XP level 1. HP: 10/10 MP: 6/6
   439 | D:1      | Reached XP level 2. HP: 15/15 MP: 6/8
   443 | D:1      | Learned a level 2 spell: Searing Ray
  1058 | D:2      | Reached XP level 3. HP: 20/20 MP: 8/10
  1078 | D:2      | Found a snail-covered altar of Cheibriados.
  1311 | D:2      | Found a glowing silver altar of Zin.
  1311 | D:2      | Found a sparkling altar of Nemelex Xobeh.
  1311 | D:2      | Found a hide-covered altar of Uskayaw.
  1441 | D:2      | Found a stormy altar of Qazlal.
  1598 | D:3      | Reached skill level 1 in Fighting
  1598 | D:3      | Reached skill level 4 in Spellcasting
  1665 | D:3      | Gained mutation: Your magical capacity is low. (-10% MP) [potion of mutation]
  1665 | D:3      | Gained mutation: Scrolls take you a little longer to read. [potion of mutation]
  1665 | D:3      | Gained mutation: You are agile. (Dex +2) [potion of mutation]
  1666 | D:3      | Lost mutation: Your magical capacity is low. (-10% MP) [potion of mutation]
  1666 | D:3      | Lost mutation: Scrolls take you a little longer to read. [potion of mutation]
  1666 | D:3      | Gained mutation: You expend magic power (3 MP) to strengthen your wands. [potion of mutation]
  1666 | D:3      | Gained mutation: You have sharp fingernails. [potion of mutation]
  1772 | D:3      | Reached skill level 5 in Conjurations
  1772 | D:3      | Reached XP level 4. HP: 25/25 MP: 4/12
  1778 | D:3      | Learned a level 4 spell: Force Lance
  1783 | D:3      | Learned a level 4 spell: Iskenderun's Mystic Blast
  1981 | D:3      | Noticed Raine357's ghost (amateur DEWz)
  2518 | D:3      | Found an iron altar of Okawaru.
  2745 | D:3      | Reached XP level 5. HP: 27/29 MP: 2/13
  2855 | D:3      | Learned a level 2 spell: Blink
  2997 | D:4      | Noticed Raine357's ghost (amateur HuSk)
  3064 | D:4      | Found a shattered altar of Ashenzari.
  3422 | D:4      | Reached skill level 5 in Spellcasting
  3569 | D:4      | Found a basalt altar of Yredelemnul.
  3666 | D:4      | Reached XP level 6. HP: 35/35 MP: 10/16
  3887 | D:5      | Entered Level 5 of the Dungeon
  4154 | D:5      | Reached skill level 6 in Spellcasting
  4159 | D:5      | Reached XP level 7. HP: 20/40 MP: 6/18
  4383 | D:5      | Reached skill level 7 in Spellcasting
  4602 | D:5      | Found an ornate altar of the Wu Jian Council.
  4794 | D:5      | Got a crude flail
  4795 | D:5      | Identified the +3 flail of Tension {crush, MR+ Dex+6} (You found it on level 5 of the Dungeon)
  4836 | D:5      | Noticed Blork the orc
  4946 | D:5      | Killed Blork the orc
  4982 | D:5      | Found a deep blue altar of Sif Muna.
  5085 | D:6      | Found a deep blue altar of Sif Muna.
  5271 | D:5      | Reached XP level 8. HP: 17/46 MP: 12/21
  5582 | D:6      | Found an opulent altar of Gozag.
  5716 | D:6      | Reached skill level 5 in Dodging
  5716 | D:6      | Reached skill level 8 in Spellcasting
  6139 | D:6      | Found a staircase to the Ecumenical Temple.
  6145 | Temple   | Entered the Ecumenical Temple
  6190 | Temple   | Became a worshipper of Vehumet
  6230 | D:6      | Noticed Guenter's ghost (amateur DsGl)
  6239 | D:6      | Killed Guenter's ghost
  6239 | D:6      | Reached skill level 9 in Spellcasting
  6320 | D:6      | Found a sacrificial altar of Ru.
  6507 | D:6      | Found an opulent altar of Gozag.
  6579 | D:6      | Reached XP level 9. HP: 52/52 MP: 19/24
  6616 | D:6      | Noticed Sigmund
  6621 | D:6      | Killed Sigmund
  6826 | D:7      | Found a hazy altar of Hepliaklqana.
  7026 | D:7      | Upgraded the game from 0.21-a0-91-ga5031da to 0.21-a0-94-gdd6ab6a
  7609 | D:8      | Reached skill level 10 in Spellcasting
  7756 | D:8      | Got a faintly glowing spear
  7757 | D:8      | Identified the +8 spear "Moarchus" {speed, +Blink rN++ Dex+2} (You found it on level 8 of the Dungeon)
  7863 | D:8      | Reached * piety under Vehumet
  7863 | D:8      | Offered knowledge of Flame Tongue by Vehumet.
  7867 | D:8      | Learned a level 1 spell: Flame Tongue
  7936 | D:8      | Noticed a death yak
  8011 | D:8      | Mangled by a death yak

Vault maps used:
D:1:      tarquinn_simple_flora_water_c, lemuel_flame_loot_1
D:2:      lemuel_crystal_altar, gammafunk_temple_overflow_claw,
          lemuel_coloured_pillars_altar, minmay_pentomino_t4
D:3:      kennysheep_big_flooded_room, okawaru_altar_gauntlet_db
D:4:      nicolae_overflow_hidden_temple, first_bread, evilmike_ruin_ashenzari
D:5:      kennysheep_little_box, tgw_sif
D:6:      marbit_many_paths, nicolae_ru_the_path_less_chosen,
          lemuel_crystal_altar, minmay_temple_entry_enclosed_plants,
          nicolae_gozag_seed_capital, uniq_sigmund
D:7:      lemuel_crystal_altar
D:8:      dpeg_lair_monsters
Temple:   pf_slimified_temple

Skill      XL: |  1  2  3  4  5  6  7  8  9 |
---------------+----------------------------+-----
Fighting       | 1 2 3 4 |  4.4
Spellcasting   | 4 5 6 7 9 10 | 10.1
Conjurations   | 5 6 7 8 9 |  9.5
Dodging        | 3 4 5 6 |  6.4
Stealth        | |  2.4

Action                   |  1- 3 |  4- 6 |  7- 9 || total
-------------------------+-------+-------+-------++-------
Melee: Short sword       |       |    15 |       ||    15
       Flail             |       |       |     4 ||     4
       Spear             |       |       |     2 ||     2
 Cast: Magic Dart        |    71 |   103 |   138 ||   312
       Searing Ray       |       |    13 |    36 ||    49
       Blink             |       |       |     9 ||     9
       Iskenderun's Myst |       |       |     9 ||     9
       Force Lance       |       |       |     5 ||     5
  Use: Potion            |     3 |     1 |     2 ||     6
       Scroll            |     7 |       |     3 ||    10
  Eat: Chunk             |     1 |     2 |    12 ||    15
       Meat ration       |     1 |       |       ||     1
       Royal jelly       |       |     1 |       ||     1
Armor: Robe              |     1 |     6 |     6 ||    13
Dodge: Dodged            |     1 |    40 |    70 ||   111
